 Dungeon Sprint DCSS version 0.27.1-33-g824d729ab1 (webtiles) character file.

Game seed: 14424141729542042760

434 Adenis the Basher (level 6, 0/71 HPs)
             Began as a Troll Berserker on Dec 4, 2021.
             Was a Believer of Trog.
             Slain by Sonja (13 damage)
             ... in the Dungeon (Sprint I: "Red Sonja").
             The game lasted 00:02:16 (291 turns).

Adenis the Basher (Troll Berserker)                  Turns: 291, Time: 00:02:17

Health: 0/71       AC:  4    Str: 28    XL:     6   Next: 67%
Magic:  5/5        EV: 11    Int:  3    God:    Trog [**....]
Gold:   52         SH:  0    Dex:  9    Spells: 5/5 levels left

rFire    . . .     SeeInvis .   j - +0 giant club
rCold    . . .     Faith    .   (shield currently unavailable)
rNeg     . . .     Spirit   .   b - +0 animal skin
rPois    .         Reflect  .   (helmet restricted)
rElec    .         Harm     .   (no cloak)
rCorr    .         Rampage  .   (gloves unavailable)
Will     .....     NoTele   +   (boots unavailable)
Stlth    +.........             (no amulet)
HPRegen  1.21/turn              l - ring of flight
MPRegen  0.09/turn              (no ring)

@: lethally poisoned (0 -> -1), flying, slowed, very slow
A: large, unfitting armour, claws 3, regeneration 1, shaggy fur 1, tough skin 1
a: Renounce Religion, Berserk, Trog's Hand


You were in the Dungeon.
You worshipped Trog.
Trog was pleased with you.
You visited 1 branch You collected 297 gold pieces.
You spent 245 gold pieces at shops.

Inventory:

Hand Weapons
 a - a +0 mace
 j - a +0 giant club (weapon)
Armour
 b - a +0 animal skin (worn)
Jewellery
 k - a ring of wizardry
 l - a ring of flight (left claw)
Wands
 i - a wand of polymorph (10)
Scrolls
 h - a scroll of blinking
Potions
 c - a potion of curing
 e - a potion of haste
 f - 2 potions of magic
 g - a potion of berserk rage


   Skills:
 + Level 7.4 Fighting
 + Level 8.4 Maces & Flails
 + Level 7.2 Dodging


You had 5 spell levels left.
You didn't know any spells.
Your spell library was empty.

Dungeon Overview and Level Annotations

Branches:
Dungeon (1/1)

Altars:
Cheibriados
Dithmenos
Elyvilon
Fedhas
Gozag
Hepliaklqana
Kikubaaqudgha
Nemelex Xobeh
Okawaru
Qazlal
Ru
Sif Muna
Trog
Uskayaw
Vehumet
Wu Jian
Yredelemnul
Zin
The Shining One

Shops:
D =

Annotations:
D Sonja


Innate Abilities, Weirdness & Mutations

You are too large for most types of armour.
You have claws for hands.
Your natural rate of healing is unusually fast.
You are covered in fur. (AC +1)
You have tough skin. (AC +1)


Message History

Found 26 stones.
There is an open door here.
You see here 26 stones.
There is an open door here.
There is a shimmering blue altar of Sif Muna here.
You reach down and open the door.
Sonja, the Graceful Assassin comes into view.
She is wielding a +1 short sword of distortion and quivering curare-tipped darts.
Sonja shouts!
Found 108 gold pieces.
Sonja throws a curare-tipped dart.
The curare-tipped dart hits you.
You are poisoned.
You have difficulty breathing.
You feel yourself slow down.
Sonja throws a curare-tipped dart.
The curare-tipped dart hits you.
You are more poisoned.
You have difficulty breathing.
You feel as though you will be slow longer.
There is an open door here.
You feel very sick.
Sonja hits you with a +1 short sword of distortion! x2
Space bends around you.
Sonja hits you with a +1 short sword of distortion.
Space warps horribly around you!!
* * * LOW HITPOINT WARNING * * *
Sonja barely misses you.
Sonja hits you with a +1 short sword of distortion.
* * * LOW HITPOINT WARNING * * *
Space bends around you.
* * * LOW HITPOINT WARNING * * *
Sonja barely misses you.
Unknown command.
You feel much better.
You feel very sick. Sonja misses you.
Sonja hits you with a +1 short sword of distortion.
* * * LOW HITPOINT WARNING * * *
Sonja closely misses you. x2
Sonja hits you with a +1 short sword of distortion.
* * * LOW HITPOINT WARNING * * *
Sonja hits you but does no damage. Space warps horribly around you!
You die...

#..)..#..'..#..+
#..#####'#####'#
#..####..#...#[#
#..#__####..##.#
#..#_____##'#_.+
#⌠⌠#_.∩...†..._#
####_..__##_.#'#
#_____###'#(#
####### #@###


+$K$+ #$.$# ##.## #+# You could see Sonja.

Vanquished Creatures
  Sigmund (D)
  A yak (D)
  An ogre (D)
  A jelly (D)
  Ijyb (D)
5 creatures vanquished.

Vanquished Creatures (others)
  A gargoyle (D)
1 creature vanquished.

Grand Total: 6 creatures vanquished

Notes
Turn   | Place    | Note
-------+----------+-------------------------------------------
     0 | D        | Adenis the Troll Berserker began the quest for the Orb.
     0 | D        | Reached XP level 1. HP: 22/22 MP: 0/0
     2 | D        | Noticed Ijyb
     7 | D        | Killed Ijyb
     8 | D        | Reached skill level 4 in Maces & Flails
     8 | D        | Reached XP level 2. HP: 32/32 MP: 1/1
    47 | D        | Noticed an ogre
    54 | D        | Killed an ogre
    55 | D        | Reached skill level 5 in Fighting
    55 | D        | Reached skill level 5 in Maces & Flails
    55 | D        | Reached skill level 5 in Dodging
    55 | D        | Reached XP level 3. HP: 42/42 MP: 2/2
    55 | D        | Reached XP level 4. HP: 50/50 MP: 3/3
    81 | D        | Noticed Sigmund
    85 | D        | Killed Sigmund
    85 | D        | Reached ** piety under Trog
    86 | D        | Reached skill level 7 in Maces & Flails
    86 | D        | Reached XP level 5. HP: 61/61 MP: 4/4
   116 | D        | Found an ornate altar of the Wu Jian Council.
   116 | D        | Found a shimmering blue altar of Sif Muna.
   118 | D        | Found a radiant altar of Vehumet.
   123 | D        | Reached XP level 6. HP: 68/68 MP: 5/5
   131 | D        | Found Puzxesih's Jewellery Emporium.
   131 | D        | Found an ancient bone altar of Kikubaaqudgha.
   131 | D        | Found a hazy altar of Hepliaklqana.
   131 | D        | Found a stormy altar of Qazlal.
   131 | D        | Found a hide-covered altar of Uskayaw.
   131 | D        | Found a blossoming altar of Fedhas.
   131 | D        | Found a bloodstained altar of Trog.
   131 | D        | Found an iron altar of Okawaru.
   131 | D        | Found a basalt altar of Yredelemnul.
   131 | D        | Found a glowing golden altar of the Shining One.
   131 | D        | Found a snail-covered altar of Cheibriados.
   131 | D        | Found a sacrificial altar of Ru.
   131 | D        | Found a glowing silver altar of Zin.
   131 | D        | Found a shadowy altar of Dithmenos.
   131 | D        | Found a white marble altar of Elyvilon.
   131 | D        | Noticed a yak
   139 | D        | Killed a yak
   140 | D        | Reached skill level 8 in Maces & Flails
   140 | D        | Found an opulent altar of Gozag.
   141 | D        | Found a sparkling altar of Nemelex Xobeh.
   171 | D        | Bought a ring of flight for 245 gold pieces
   256 | D        | Killed a gargoyle
   288 | D        | Noticed Sonja
   290 | D        | HP: 3/71 [Sonja (3)]
   290 | D        | HP: 1/71 [Sonja (2)]
   291 | D        | Slain by Sonja

Illustrated notes

Levels and vault maps discovered:
D:        dungeon_sprint_1 [red_sonja_temple_1, red_sonja_temple_small_1]

Skill      XL: |  1  2  3  4  5  6 |
---------------+-------------------+-----
Fighting       | 3 5 6 7 |  7.4
Maces & Flails | 4 5 7 8 |  8.4
Dodging        | 3 5 6 7 |  7.2

Action                   |  1- 3 |  4- 6 || total
-------------------------+-------+-------++-------
Melee: Mace              |    10 |       ||    10
       Giant club        |       |    10 ||    10
Invok: Berserk           |     2 |     2 ||     4
  Use: Potion            |       |     1 ||     1
Armor: Animal skin       |       |     1 ||     1
Dodge: Dodged            |     3 |    15 ||    18
